 Dungeon Crawl Stone Soup version 0.32-a0-7-ge934b4519a (webtiles) character file.

Game seed: 2711619872549875056

220 mycrawlcharacter the Chopper (level 5, -2/45 HPs)
             Began as a Minotaur Berserker on Jan 14, 2024.
             Was a Priest of Trog.
             Slain by a hornet (8 damage)
             ... while paralysed by a hornet
             ... on level 4 of the Dungeon.
             The game lasted 00:04:54 (2501 turns).

mycrawlcharacter the Chopper (Minotaur Berserker)   Turns: 2501, Time: 00:04:55

Health: -2/45      AC:  8    Str: 29    XL:     5   Next: 64%
Magic:  4/4        EV:  2    Int:  8    God:    Trog [***...]
Gold:   142        SH:  0    Dex: 13    Spells: 4/4 levels left

rFire   . . .        a - +0 war axe
rCold   . . .        (no shield)
rNeg    . . .        q - +0 chain mail
rPois   .            (helmet restricted)
rElec   .            (no cloak)
rCorr   .            (no gloves)
SInv    .            (no boots)
Will    .....        (no amulet) Stlth
                     e - +4 ring of slaying
HPRegen 0.27/turn    p - ring of Anwoteef {Str+6 Int+4 Dex+3}
MPRegen 0.09/turn

%: no passive effects
@: paralysed, lethally poisoned (-2 -> -13), slowed
A: horns 2, retaliatory headbutt
a: Renounce Religion, Berserk, Trog's Hand


You were on level 4 of the Dungeon.
You worshipped Trog.
Trog was most pleased with you.
You visited 1 branch of the dungeon, and saw 4 of its levels.

You collected 142 gold pieces.

Inventory:

Hand Weapons
 a - a +0 war axe (weapon)
 k - a +0 hand axe
Missiles
 l - 3 poisoned darts (quivered)
Armour
 q - a +0 chain mail (worn)
Jewellery
 e - a +4 ring of slaying (left hand)
 p - the ring of Anwoteef (right hand) {Str+6 Int+4 Dex+3}
   (You found it on level 3 of the Dungeon)

   [ring of strength]

   Str+6:     It affects your strength (+6).
   Int+4:     It affects your intelligence (+4).
   Dex+3:     It affects your dexterity (+3).
Scrolls
 b - a scroll of vulnerability {unknown}
 c - 2 scrolls of teleportation {unknown}
 i - a scroll of poison {unknown}
 j - 2 scrolls of torment {unknown}
 m - a scroll of fog {unknown}
 n - 5 scrolls of identify {unknown}
 o - 3 scrolls of revelation {unknown}
Potions
 f - a potion of resistance {unknown}
 g - a potion of brilliance {unknown}
 h - a potion of lignification {unknown}


   Skills:
 - Level 3.6 Fighting
 * Level 7.8 Axes
 - Level 2.4 Armour
 - Level 2.1 Dodging


You had 4 spell levels left.
You didn't know any spells.
Your spell library was empty.

Dungeon Overview and Level Annotations

Branches:
Dungeon (4/15)
 Temple: D:4-7

Altars:

Shops:
D:4 [


Innate Abilities, Weirdness & Mutations

You have a pair of horns on your head.
You reflexively headbutt those who attack you in melee.


Message History

You kill the orc!
Trog accepts your kill.
No target in view!
Things that are here:
a +0 dagger; an orc corpse You see here a +0 quarterstaff.
Done exploring.
Done exploring.
You see here a staff of fire.
There is a stone staircase leading down here.
You climb downwards.
There is a stone staircase leading up here.
Found a stone staircase leading down.
A hound comes into view.
The hound barks!
You hit the hound.
You headbutt the hound, but do no damage.
The hound is moderately wounded.
The hound closely misses you.
You slice the hound!!
You kill the hound!
Trog accepts your kill.
A hornet comes into view.
The hornet buzzes angrily.
The hornet stings you.
You are poisoned.
You feel yourself slow down.
You see here a hound corpse.
You barely miss the hornet.
You feel yourself speed up.
You feel very sick. The hornet stings you!
You suddenly lose the ability to move!
The hornet stings you!
You feel yourself slow down. The hornet stings you!
* * * LOW HITPOINT WARNING * * *
You are lethally poisoned!
You feel as though you will be slow longer.
* * * LOW HITPOINT WARNING * * *
You feel very sick. The hornet stings you!
You die...

#.......♣ ...####..
#.....##♣ ..## ^ #....
♣#♣.♣.♣.♣ ...# #...#
#.......# ...# ...###
♣.♣.♣.♣.♣ ...# ..## #
#.......# ...# #. #
♣.♣.♣.♣.♣## ... ##
#.........#####y##.#.#
..
♣.♣.♣.♣.♣.....@......#
..
#.......#.......######
.##
♣#♣#♣.♣#♣...........
#.. #.....>...... #.#
#......#...#.....# #.
#......###........## #
. ........# ..........
.. ...#####. ........#
## ........#


You could see a hornet.

Vanquished Creatures
  A hound (D:4)
  Natasha (thrice) (D:2)
  An adder (D:2)
  5 ribbon worms
  2 dart slugs
  6 orcs
  5 ball pythons
  6 bats
  6 endoplasms
  4 giant cockroaches
  10 goblins
  5 hobgoblins
  2 jackals (D:2)
  8 kobolds
  5 quokkas
  7 frilled lizards
  5 rats
81 creatures vanquished.

Notes
Turn   | Place    | Note
-------+----------+-------------------------------------------
     0 | D:1      | mycrawlcharacter the Minotaur Berserker began the quest for
                  | the Orb.
     0 | D:1      | Reached XP level 1. HP: 19/19 MP: 0/0
    28 | D:1      | Reached skill level 4 in Axes
    49 | D:1      | Reached XP level 2. HP: 17/26 MP: 1/1
   254 | D:1      | Reached ** piety under Trog
   255 | D:1      | Reached skill level 5 in Axes
   458 | D:1      | Reached XP level 3. HP: 31/31 MP: 2/2
   921 | D:2      | Found a faded altar of an unknown god.
  1006 | D:2      | Reached XP level 4. HP: 31/39 MP: 3/3
  1104 | D:2      | You fall into a shaft and drop 2 floors!
  1120 | D:4      | Reached skill level 6 in Axes
  1157 | D:4      | Found Wellibus's Armour Shop.
  1248 | D:3      | Identified the ring of Anwoteef {Str+6 Int+4 Dex+3}
  1538 | D:2      | Noticed Natasha
  1544 | D:2      | Killed Natasha
  1545 | D:2      | Reached *** piety under Trog
  1701 | D:2      | Noticed Natasha
  1704 | D:2      | Killed Natasha
  1705 | D:2      | Reached skill level 7 in Axes
  1705 | D:2      | Reached XP level 5. HP: 45/45 MP: 4/4
  1772 | D:2      | Noticed Natasha
  1778 | D:2      | Killed Natasha
  2498 | D:4      | Noticed a hornet
  2500 | D:4      | Paralysed by a hornet for 2 turns
  2501 | D:4      | Slain by a hornet

Illustrated notes

Levels and vault maps discovered:
D:1:      lemuel_arrival_hallway, layout_basic
D:2:      layout_loops_ring, hellmonk_ecumenical_altar_pennies_from_heaven,
          minmay_tetromino_i4, uniq_natasha
D:3:      layout_basic
D:4:      layout_rooms, minmay_temple_entry_statues, serial_shops, shop,
          serial_forest, infiniplex_forest_end_1, infiniplex_forest_straight_5,
          infiniplex_forest_clump_small, infiniplex_forest_lined_room_3,
          kennysheep_nondescript

Skill      XL: |  1  2  3  4 |
---------------+-------------+-----
Axes           | 4 5 7 |  7.8
Fighting       | |  3.6
Armour         | |  2.4
Dodging        | |  2.1

Action                     |  1- 3 |  4- 6 || total
---------------------------+-------+-------++-------
  Melee: Hand axe          |    80 |       ||    80
         Headbutt          |    13 |     5 ||    18
         Punch             |     2 |       ||     2
         War axe           |     7 |    54 ||    61
 Invoke: Berserk           |       |     1 ||     1
 Armour: Animal skin       |    10 |       ||    10
         Scale mail        |    44 |    29 ||    73
         Chain mail        |       |     7 ||     7
  Dodge: Dodged            |    44 |    34 ||    78

Table legend: (Time is in decaauts)
 A = Elapsed time spent in this place.
 B = Non-inter-level travel time spent in this place.
 C = Inter-level travel time spent in this place.
 D = Time resting spent in this place.
 E = Time spent auto-exploring this place.
 F = Levels seen in this place.
 G = Mean time per level.
                   A        B        C        D        E       F      G
               +--------+--------+--------+--------+--------+-----+--------+
         Total |   2521 |   2506 |     15 |      0 |   1888 |   4 |  630.2 |
       Dungeon |   2521 |   2506 |     15 |      0 |   1888 |   4 |  630.2 |
               +--------+--------+--------+--------+--------+-----+--------+

Top non-repeatable levels by time:
     D:1: 795 daAuts
     D:3: 782 daAuts
     D:2: 771 daAuts
     D:4: 172 daAuts
